 Dungeon Crawl Stone Soup version 0.19.4-8-ga85b6b9 (webtiles) character file.

469 winWinterter the Slasher (level 7, 0/55 HPs)
             Began as a Formicid Fighter on Feb 11, 2017.
             Was a Follower of Cheibriados.
             Slain by a sky beast (4 damage)
             ... on level 7 of the Dungeon.
             The game lasted 00:14:39 (4161 turns).

winWinterter the Slasher (Formicid Fighter)         Turns: 4161, Time: 00:14:41

Health: 0/55       AC:  6    Str: 23    XL:     7   Next: 30%
Magic:  7/7        EV:  9    Int:  9    God:    Cheibriados [*.....]
Gold:   163        SH: 10    Dex: 14    Spells: 0 memorised, 6 levels left

rFire  + . .     SeeInvis +     a - +0 long sword
rCold  . . .     Gourm    .     b - +0 scale mail
rNeg   . . .     Faith    +     c - +0 shield
rPois  .         Spirit   .     (helmet unavailable)
rElec  .         Reflect  .     s - +0 cloak
rCorr  .         Harm     .     e - +0 pair of gloves
MR     .....                    (no boots)
Stlth  ..........               h - amulet of faith
                                (no ring)
                                u - ring of protection from fire

@: very slow
A: permanent stasis, dig shafts and tunnels, four strong arms, antennae 3,
deformed body, deterioration 2
a: Dig, Shaft Self, Bend Time, Renounce Religion


You were on level 7 of the Dungeon.
You worshipped Cheibriados.
Cheibriados was aware of your devotion.
You were hungry.

You visited 2 branches of the dungeon, and saw 7 of its levels.

You collected 163 gold pieces.

Inventory:

Hand Weapons
 a - a +0 long sword (weapon)
Armour
 b - a +0 scale mail (worn)
 c - a +0 shield (worn)
 e - a +0 pair of gloves (worn)
 s - a +0 cloak (worn)
Jewellery
 h - an amulet of faith (around neck)
 u - a ring of protection from fire (left hand)
Wands
 p - a wand of flame (9/48)
Scrolls
 i - 5 scrolls of remove curse
 k - a scroll of blinking {unknown}
 l - 2 scrolls of amnesia {unknown}
 m - a scroll of noise
 n - 2 scrolls of enchant armour {unknown}
 q - 3 scrolls of teleportation {unknown}
 r - a scroll of magic mapping {unknown}
Potions
 g - a potion of mutation
Books
 t - a book of Changes

   Spells                             Type                      Level
   a - Beastly Appendage              Transmutation                1
   b - Sticks to Snakes               Transmutation                2
   c - Spider Form                    Transmutation/Poison         3
   d - Ice Form                       Ice/Transmutation            4
   e - Blade Hands                    Transmutation                5
Comestibles
 f - a meat ration


   Skills:
 + Level 4.4 Fighting
 * Level 5.7 Long Blades
 + Level 4.1 Armour
 + Level 1.0 Dodging
 - Level 1.0 Stealth
 + Level 4.6 Shields


You had 6 spell levels left.
You didn't know any spells.

Dungeon Overview and Level Annotations

Branches:
Dungeon (5/15)             Temple (1/1) D:4

Altars:
Cheibriados
Dithmenos
Elyvilon
Fedhas
Gozag
Hepliaklqana
Kikubaaqudgha
Nemelex Xobeh
Okawaru
Qazlal
Sif Muna
Trog
Uskayaw
Vehumet
Xom
Yredelemnul

Annotations:
D:3 Sigmund


Innate Abilities, Weirdness & Mutations

You are under a permanent stasis effect.
You can dig through walls and to a lower floor.
Your four strong arms can wield two-handed weapons with a shield.
You have a pair of large antennae on your head. (SInv)
Armour fits poorly on your strangely shaped body.
Your body often deteriorates upon taking damage.


Message History

Evoking this partially-identified wand wasted a few charges.
You block the centaur zombie's attack.
Evoke which item? (* to show all) (? for menu, Esc to quit)
Zapping:
p - a wand of flame {zapped: 5} (will waste charges)
Press: ? - help, Shift-Dir - straight line, f - sky beast
Aim: a sky beast The puff of flame hits the sky beast.
The sky beast is lightly wounded.
Evoking this partially-identified wand wasted a few charges.
You block the centaur zombie's attack. You block the sky beast's attack.
Evoke which item? (* to show all) (? for menu, Esc to quit)
Zapping:
p - a wand of flame {zapped: 7} (will waste charges)
Press: ? - help, Shift-Dir - straight line, f/p - sky beast
Aim: a sky beast (lightly wounded)
The puff of flame hits the sky beast.
The sky beast is moderately wounded.
Evoking this partially-identified wand wasted a few charges.
The centaur zombie hits you but does no damage.
The sky beast hits you.
You die...

.#### .... ##...
... .... ....
#..#...# #.
#..#...#
.#...#####..#...##
......Z@YZl.......
.#...#####......##
.....#####........
. ....)...........
...##.##.##.....
...............
.h###...h.......
.......%.##.#.##
...{h.......>...


You could see a sky beast, an iguana, a centaur zombie and a bullfrog skeleton.

Vanquished Creatures
  A wyvern skeleton (D:4)
  A howler monkey (D:7)
  2 orc wizards
  An orc priest (D:4)
  A hound (D:7)
  A worker ant (D:4)
  A hound zombie (D:4)
  A mummy (D:4)
  A worker ant zombie (D:5)
  4 gnolls (D:2)
  5 adders
  2 oozes
  3 worms
  A dart slug (D:3)
  4 leopard geckos
  11 orcs
  3 giant cockroaches
  5 goblins
  2 hobgoblins
  11 jackals
  3 quokkas
  A ball python (D:3)
  13 bats
  4 frilled lizards
  4 kobolds
  A leopard gecko skeleton (D:4)
  3 rats
90 creatures vanquished.

Notes
Turn   | Place    | Note
-------+----------+-------------------------------------------
     0 | D:1      | winWinterter the Formicid Fighter began the quest for the Orb.
     0 | D:1      | Reached XP level 1. HP: 18/18 MP: 1/1
   165 | D:1      | Reached XP level 2. HP: 20/24 MP: 2/2
   427 | D:1      | Reached XP level 3. HP: 29/30 MP: 3/3
   807 | D:2      | Found a radiant altar of Vehumet.
  1140 | D:2      | Reached XP level 4. HP: 37/37 MP: 4/4
  1308 | D:2      | Reached skill level 3 in Long Blades
  1991 | D:3      | Reached XP level 5. HP: 16/42 MP: 5/5
  2061 | D:3      | Reached skill level 1 in Stealth
  2544 | D:3      | Found a shimmering altar of Xom.
  2546 | D:3      | Found a shimmering altar of Xom.
  2552 | D:3      | Found a shimmering altar of Xom.
  2552 | D:3      | Found a shimmering altar of Xom.
  2552 | D:3      | Found a shimmering altar of Xom.
  2584 | D:3      | Noticed Sigmund
  2771 | D:2      | Reached skill level 4 in Long Blades
  3153 | D:4      | Reached XP level 6. HP: 34/48 MP: 6/6
  3278 | D:4      | Found a staircase to the Ecumenical Temple.
  3353 | Temple   | Entered the Ecumenical Temple
  3444 | Temple   | Became a worshipper of Cheibriados the Contemplative
  3899 | D:4      | Reached skill level 1 in Dodging
  3921 | D:4      | Reached skill level 5 in Long Blades
  4066 | D:5      | Entered Level 5 of the Dungeon
  4084 | D:5      | Reached XP level 7. HP: 52/55 MP: 7/7
  4094 | D:5      | Reached * piety under Cheibriados
  4112 | D:4      | You fall through a shaft for 3 floors!
  4132 | D:7      | Gained mutation: Armour fits poorly on your strangely shaped body. [potion of mutation]
  4132 | D:7      | Gained mutation: Your body sometimes deteriorates upon taking damage. [potion of mutation]
  4132 | D:7      | Gained mutation: Your body often deteriorates upon taking damage. [potion of mutation]
  4161 | D:7      | Slain by a sky beast

Skill      XL: |  1  2  3  4  5  6 |
---------------+-------------------+-----
Fighting       | 4 |  4.4
Shields        | 4 |  4.6
Long Blades    | 3 4 5 |  5.7
Stealth        | 1 |  1.0
Armour         | 4 |  4.1
Dodging        | 1 |  1.0

Action                   |  1- 3 |  4- 6 |  7- 9 || total
-------------------------+-------+-------+-------++-------
Melee: Long sword        |   113 |   243 |    30 ||   386
 Abil: Shaft Self        |       |       |     1 ||     1
Evoke: Wand              |       |       |     4 ||     4
  Use: Potion            |     4 |     5 |     3 ||    12
       Scroll            |       |     4 |       ||     4
  Eat: Beef jerky        |     1 |       |       ||     1
       Bread ration      |       |     1 |       ||     1
       Chunk             |       |     4 |       ||     4
       Pizza             |       |     1 |       ||     1
Armor: Scale mail        |    59 |    91 |    19 ||   169
Dodge: Dodged            |    60 |    91 |     9 ||   160
Block: Shield            |    59 |   139 |    27 ||   225
       Rpst.: Long sword |    19 |    36 |     2 ||    57
